 Dungeon Crawl Stone Soup version 0.19.5 (webtiles) character file.

222 McKennaii the Skirmisher (level 5, -4/42 HPs)
             Began as a Demonspawn Abyssal Knight on Apr 25, 2017.
             Was a Believer of Lugonu.
             Slain by an orc
             ... wielding a +0 flail
              (8 damage)
             ... on level 4 of the Dungeon.
             The game lasted 00:08:15 (3568 turns).

McKennaii the Skirmisher (DsAK)                     Turns: 3568, Time: 00:08:16

Health: -4/42      AC:  9    Str: 12    XL:     5   Next: 66%
Magic:  7/7        EV:  5    Int: 14    God:    Lugonu [**....]
Gold:   173        SH:  7    Dex: 13    Spells: 0 memorised, 4 levels left

rFire  . . .     SeeInvis .     a - +1 falchion
rCold  + . .     Gourm    .     h - +0 chain mail {rC+}
rNeg   . . .     Faith    .     (no shield)
rPois  .         Spirit   .     (no helmet)
rElec  .         Reflect  +     (no cloak)
rCorr  .         Harm     .     (no gloves)
MR     .....                    (boots unavailable)
Stlth  ..........               f - +3 amulet of reflection
                                (no ring)
                                u - ring of wizardry

@: no status effects
A: talons 3, large bone plates 1
a: Depart the Abyss, Bend Space, Renounce Religion


You were on level 4 of the Dungeon.
You worshipped Lugonu.
Lugonu was pleased with you.
You were hungry.

You visited 1 branch of the dungeon, and saw 4 of its levels.
You visited the Abyss 1 time.

You collected 173 gold pieces.

Inventory:

Hand Weapons
 a - a +1 falchion (weapon)
Armour
 h - a +0 chain mail of cold resistance (worn)
Jewellery
 f - a +3 amulet of reflection (around neck)
 u - a ring of wizardry (left hand)
 w - a +5 amulet of reflection
Wands
 v - a wand of disintegration (13/24)
Scrolls
 b - a scroll of fear {unknown}
 e - 3 scrolls of enchant weapon {unknown}
 j - 7 scrolls of identify {unknown}
 l - a scroll of amnesia {unknown}
 n - 2 scrolls of remove curse {unknown}
 o - 2 scrolls of magic mapping {unknown}
 r - a scroll of teleportation {unknown}
 s - 2 scrolls of noise {unknown}
 t - a scroll of random uselessness {unknown}
Potions
 d - 3 potions of haste {unknown}
 k - 2 potions of flight {unknown}
 m - 2 potions of agility {unknown}
 p - a potion of cancellation {unknown}
 q - a potion of might
 x - a potion of mutation {unknown}
Comestibles
 c - 2 bread rations
 g - 8 fruits
 i - a beef jerky


   Skills:
 + Level 4.2 Fighting
 + Level 3.8 Long Blades
 + Level 2.8 Armour
 + Level 1.1 Dodging
 + Level 0.4 Stealth
 + Level 2.7 Invocations


You had 4 spell levels left.
You didn't know any spells.

Dungeon Overview and Level Annotations

Branches:
Dungeon (4/15)
 Temple: D:4-7

Altars:
Qazlal
Trog


Innate Abilities, Weirdness & Mutations

You have claws for feet.
You are partially covered in large bone plates. (SH +4)


Message History

You block the orc's attack. The orc barely misses you.
You hit the orc.
You kill the orc!
Lugonu accepts your kill. The orc hits you but does no damage.
You hit the orc.
The orc is almost dead.
You block the orc's attack.
You hit the orc but do no damage.
The orc is severely wounded.
The orc hits you but does no damage.
You closely miss the orc.
The orc is severely wounded.
The orc barely misses you.
You closely miss the orc.
The orc is severely wounded.
You hit the orc but do no damage. Your kick misses the orc.
The orc is severely wounded.
The orc hits you with a flail!
You die...

........#.##.########.# #
........#.##.#.....##.# #
#######.#.#†...###.##.####
###.#...†..###.##.....
#..............##.....
#.#.##.....###.##..(..
#.### #.#..#.#.######.....
#.....#.#...........#.....
........o@................
.......)#).#..#####.##....
############..# #.##....
#..# #.###... #..# #.#
#... #..#####.###...
.........##...
..#####...#### #.#.##


You could see an orc.

Vanquished Creatures
  A hound (D:4)
  Terence (D:2)
  3 gnolls
  6 adders
  2 oozes
  3 worms (D:3)
  A dart slug (D:4)
  3 leopard geckos
  4 orcs
  2 giant cockroaches
  4 goblins
  9 hobgoblins
  2 jackals (D:1)
  A quokka (D:3)
  4 bats
  8 frilled lizards
  5 kobolds
  8 rats
67 creatures vanquished.

Notes
Turn   | Place    | Note
-------+----------+-------------------------------------------
     0 | Abyss:1  | McKennaii the Demonspawn Abyssal Knight began the quest for the Orb.
     0 | Abyss:1  | Reached XP level 1. HP: 18/18 MP: 2/2
   126 | Abyss:1  | Noticed a fire bat
   128 | D:1      | Escaped the Abyss
   236 | D:1      | Reached * piety under Lugonu
   251 | D:1      | Gained mutation: You have sharp toenails. [demonic ancestry]
   251 | D:1      | Reached XP level 2. HP: 23/24 MP: 3/3
   532 | D:1      | Reached skill level 1 in Dodging
   943 | D:2      | Gained mutation: You are partially covered in large bone plates. (SH +4) [demonic ancestry]
   943 | D:2      | Reached XP level 3. HP: 25/29 MP: 5/5
  1114 | D:2      | Found a stormy altar of Qazlal.
  1115 | D:2      | Noticed Terence
  1244 | D:1      | Reached ** piety under Lugonu
  1470 | D:2      | Killed Terence
  1883 | D:1      | Gained mutation: You have razor-sharp toenails. [demonic ancestry]
  1883 | D:1      | Reached XP level 4. HP: 30/37 MP: 6/6
  2864 | D:3      | Found a faded altar of an unknown god.
  2924 | D:3      | Reached skill level 4 in Fighting
  2961 | D:3      | Gained mutation: You have claws for feet. [demonic ancestry]
  2961 | D:3      | Reached XP level 5. HP: 25/42 MP: 7/7
  2982 | D:3      | Found a bloodstained altar of Trog.
  3568 | D:4      | Slain by an orc

Skill      XL: |  1  2  3  4 |
---------------+-------------+-----
Long Blades    | 2 3 |  3.8
Dodging        | 1 |  1.1
Armour         | 2 |  2.8
Fighting       | 4 |  4.2
Stealth        | |  0.4
Invocations    | |  2.7

Action                   |  1- 3 |  4- 6 || total
-------------------------+-------+-------++-------
Melee: Falchion          |   136 |   150 ||   286
       Kick              |    34 |    25 ||    59
Invok: Depart the Abyss  |     1 |       ||     1
  Eat: Royal jelly       |     1 |       ||     1
       Pizza             |     1 |       ||     1
       Bread ration      |       |     1 ||     1
Armor: Leather armour    |    15 |       ||    15
       Chain mail        |     6 |    61 ||    67
Dodge: Dodged            |    75 |    33 ||   108
Block: Other             |    32 |    47 ||    79
       Rpst.: Falchion   |    18 |     7 ||    25
